 Dungeon Crawl Stone Soup version 0.26-a0-597-gb535b0901c (webtiles) character file.

Game seed: 11760830416698722468

803 Lanoc the Ducker (level 7, -9/46 HPs)
             Began as a Tengu Delver on Sept 4, 2020.
             Was a Follower of Zin.
             Killed by divine providence
             ... invoked by an orc priest
              (13 damage)
             ... on level 4 of the Dungeon.
             The game lasted 00:05:20 (2174 turns).

Lanoc the Ducker (Tengu Delver)                     Turns: 2174, Time: 00:05:21

Health: -9/46      AC:  3    Str: 12    XL:     7   Next: 91%
Magic:  10/10      EV: 19    Int: 10    God:    Zin [*.....]
Gold:   71         SH:  0    Dex: 18    Spells: 6/6 levels left

rFire    . . .     SeeInvis .   a - +0 falchion
rCold    . . .     Faith    .   (no shield)
rNeg     . . .     Spirit   .   b - +0 leather armour
rPois    .         Reflect  .   (helmet restricted)
rElec    .         Harm     .   (no cloak)
rCorr    .                      (no gloves)
MR       .....                  (boots unavailable)
Stlth    +++.......             (no amulet)
HPRegen  0.15/turn              (no ring)
MPRegen  0.12/turn              (no ring)

@: flying quickly and evasively, quick
A: beak, talons 3, able to fly
a: Stop Flying, Recite, Donate Gold, Renounce Religion


You were on level 4 of the Dungeon.
You worshipped Zin.
Zin was aware of your devotion.
You visited 1 branch of the dungeon, and saw 5 of its levels.
You also visited: Sewer.

You collected 78 gold pieces.
You donated 7 gold pieces to Zin.

Inventory:

Hand Weapons
 a - a +0 falchion (weapon)
Armour
 b - a +0 leather armour (worn)
Jewellery
 j - an uncursed ring of protection from fire
Wands
 g - a wand of digging (3)
Scrolls
 c - 2 scrolls of fog
 e - 2 scrolls of fear
 n - 2 scrolls of remove curse {unknown}
Potions
 d - 3 potions of flight {unknown}
 f - a potion of haste
 h - a potion of stabbing {unknown}
 i - a potion of curing {unknown}
 k - 2 potions of heal wounds {unknown}
 l - 2 potions of lignification {unknown}
 m - a potion of ambrosia {unknown}


   Skills:
 + Level 6.1 Fighting
 - Level 2.1 Long Blades
 + Level 6.2 Dodging
 - Level 5.0 Stealth
 + Level 3.4 Invocations


You had 6 spell levels left.
You didn't know any spells.
Your spell library was empty.

Dungeon Overview and Level Annotations

Branches:
Dungeon (8/15)             Temple (0/1) D:5           Sewer (visited)
   Lair: D:8-11

Altars:
Fedhas

Shops:
D:8 =

Annotations:
D:8 1 runed translucent door, dodo's ghost, novice MfGl


Innate Abilities, Weirdness & Mutations

You have a beak for a mouth.
You have claws for feet.
You can fly continuously.


Message History

The orc hits the orc but does no damage.
The orc completely misses you. The orc wizard misses you.
The orc hits the orc wizard but does no damage.
The orc wizard gestures at you while chanting.
You resist with some effort.
The orc throws a boomerang.
The boomerang closely misses you.
The weapon returns to the orc!
The orc throws a boomerang.
The boomerang barely misses you.
The weapon returns to the orc!
The orc priest mumbles some strange prayers to Beogh against you.
Beogh smites you!
* * * LOW HITPOINT WARNING * * *
The orc throws a boomerang.
The boomerang hits you.
* * * LOW HITPOINT WARNING * * *
The weapon returns to the orc!
There is a stone staircase leading down, spattered with blood here.
The orc priest calls down the wrath of Beogh upon you.
Beogh smites you!
You die...

#...(...>)...#
............#
##...##.##.########
####...##)##.#>......
.)......o!.......#
....o........†..##
................#
...........o....#
.....[.....o..@.#
...............##
..##......###### ##
####+###


You could see an orc priest, an orc wizard and an orc.

Vanquished Creatures
  Menkaure (D:6)
  A hornet zombie (D:7)
  A phantom (D:5)
  A centaur (D:7)
  An ogre (D:4)
  A big kobold (Sewer)
  Blork the orc (D:4)
  A bullfrog (D:7)
  A howler monkey (D:5)
  A howler monkey skeleton (D:4)
  4 gnolls (D:7)
  2 river rats (D:5)
  An adder (D:4)
  A white imp (D:5)
  2 ball pythons (D:5)
  3 giant cockroaches (D:5)
  4 jackals
  4 kobolds (Sewer)
  A frilled lizard (D:5)
  A leopard gecko zombie (D:6)
  7 rats
40 creatures vanquished.

Notes
Turn   | Place    | Note
-------+----------+-------------------------------------------
     0 | D:5      | Lanoc the Tengu Delver began the quest for the Orb.
     0 | D:5      | Reached XP level 1. HP: 14/14 MP: 2/2
   103 | D:5      | Noticed a howler monkey
   109 | D:5      | Killed a howler monkey
   109 | D:5      | Reached XP level 2. HP: 20/20 MP: 3/3
   109 | D:5      | Reached XP level 3. HP: 24/24 MP: 4/4
   139 | D:5      | Found a glowing drain.
   181 | Sewer    | Entered a sewer
   188 | Sewer    | Reached XP level 4. HP: 18/29 MP: 5/5
   351 | Sewer    | Noticed a big kobold
   361 | Sewer    | Killed a big kobold
   361 | Sewer    | Gained mutation: You can fly continuously. [Tengu growth]
   361 | Sewer    | Reached XP level 5. HP: 18/34 MP: 6/6
   614 | Sewer    | Found a glowing silver altar of Zin.
   623 | Sewer    | Became a worshipper of Zin the Law-Giver
   814 | D:5      | You are sucked into a shaft and drop 3 floors!
   821 | D:8      | Found Meysicas's Jewellery Shop.
   824 | D:8      | Found a runed translucent door.
   827 | D:8      | Noticed dodo's ghost (novice MfGl)
   891 | D:7      | Found a blossoming altar of Fedhas.
   896 | D:7      | Noticed a centaur
   941 | D:7      | Reached skill level 5 in Fighting
   941 | D:7      | Reached skill level 1 in Invocations
   941 | D:7      | Reached XP level 6. HP: 21/40 MP: 6/8
  1114 | D:7      | Reached skill level 5 in Dodging
  1256 | D:7      | Reached * piety under Zin
  1460 | D:6      | Noticed Menkaure
  1467 | D:6      | Killed Menkaure
  1467 | D:6      | Reached XP level 7. HP: 39/44 MP: 8/10
  2025 | D:4      | Noticed Blork the orc
  2039 | D:4      | Killed Blork the orc
  2174 | D:4      | Killed from afar by an orc priest

Illustrated notes

Levels and vault maps discovered:
D:4:      layout_gridville, lemuel_blue_sif_altar, elyvilon_altar_1, uniq_ijyb,
          uniq_blork_the_orc, uniq_robin
D:5:      layout_gridville, temple_doors_ab, basic_altar, portal_sewer_entry_b,
          dk_xom_monty_hall
D:6:      layout_rooms, columned_hall_lemuel, uniq_menkaure
D:7:      layout_loops_corners, fedhas_bush_and_centaur_altar,
          nicolae_overflow_crystal_walls, kennysheep_diamond
D:8:      layout_cave_pods, serial_shops, shop, shop, shop_statue,
          hellmonk_ghost_happy_afterlife, uniq_pikel

Skill      XL: |  1  2  3  4  5  6  7 |
---------------+----------------------+-----
Dodging        | 3 4 5 6 |  6.2
Fighting       | 4 5 6 |  6.1
Invocations    | 1 2 3 |  3.4
Long Blades    | |  2.1
Stealth        | |  5.0

Action                   |  1- 3 |  4- 6 |  7- 9 || total
-------------------------+-------+-------+-------++-------
Melee: Falchion          |    21 |    50 |    41 ||   112
       Kick              |     7 |    19 |    18 ||    44
       Peck              |     4 |    11 |    14 ||    29
Invok: Recite            |       |       |     3 ||     3
 Abil: Fly               |       |     1 |       ||     1
Evoke: Wand              |     3 |     2 |       ||     5
  Use: Scroll            |     1 |     2 |       ||     3
       Potion            |       |     1 |       ||     1
 Stab: Sleeping          |     2 |     1 |       ||     3
       Distracted        |       |       |     1 ||     1
       Confused          |       |       |     1 ||     1
Armor: Leather armour    |    11 |    11 |     4 ||    26
Dodge: Dodged            |    40 |    59 |    53 ||   152
       Rpst.: Falchion   |     8 |    19 |    13 ||    40

Table legend: (Time is in decaauts)
 A = Elapsed time spent in this place.
 B = Non-inter-level travel time spent in this place.
 C = Inter-level travel time spent in this place.
 D = Time resting spent in this place.
 E = Time spent auto-exploring this place.
 F = Levels seen in this place.
 G = Mean time per level.
                   A        B        C        D        E       F      G
               +--------+--------+--------+--------+--------+-----+--------+
         Total |   2177 |   2149 |     28 |    300 |   1333 |   6 |  362.8 |
       Dungeon |   1669 |   1641 |     28 |    173 |   1022 |   5 |  333.8 |
         Sewer |    507 |    507 |      0 |    127 |    311 |   1 |  507.0 |
               +--------+--------+--------+--------+--------+-----+--------+

Top non-repeatable levels by time:
     D:5: 806 daAuts
     D:7: 565 daAuts
   Sewer: 507 daAuts
     D:4: 173 daAuts
     D:6: 107 daAuts
     D:8: 15 daAuts
